[Event "Late-Titled-Tuesday-Blitz-February-13-2024"]
[Site "Chess.com"]
[Date "2024.02.13"]
[Round "2"]
[White "zajka-molotok"]
[Black "expii"]
[Result "1-0"]
[WhiteElo "2482"]
[BlackElo "2196"]
[TimeControl "180+1"]
[EndTime "14:16:27 PST"]
[Termination "zajka-molotok won on time"]

1. b4 d5 2. Bb2 e6 3. e3 Nc6 4. b5 Nb8 5. Nf3 Nf6 6. Be2 c5 7. O-O Bd6 8. c4 O-O 9. d3 a6 10. a4 axb5 11. axb5 Rxa1 12. Bxa1 Nbd7 13. Nbd2 b6 14.
e4 d4 15. g3 e5 16. Nh4 g6 17. Bb2 Re8 18. Bc1 Bf8 19. Ndf3 Bg7 20. Ng2 h6 21.
Bd2 Nf8 22. Qa4 Bd7 23. Ra1 g5 24. h4 g4 25. Nh2 Qe7 26. Qa7 h5 27. Qxb6 Ne6 28.
Ra7 Bf8 29. Qa5 Qd8 30. Qxd8 Rxd8 31. Ba5 Rb8 32. f3 gxf3 33. Bxf3 Be7 34. Bxh5 Nxh5 35. Rxd7 Bf8 36. Nf1 Nf6 37. Ra7 Re8 38. b6 1-0

[Event "Late-Titled-Tuesday-Blitz-February-13-2024"]
[Site "Chess.com"]
[Date "2024.02.13"]
[Round "2"]
[White "Payyappat"]
[Black "VitaliyBernadskiy"]
[Result "0-1"]
[WhiteElo "2571"]
[BlackElo "2884"]
[TimeControl "180+1"]
[EndTime "14:16:28 PST"]
[Termination "VitaliyBernadskiy won by resignation"]

1. e4 Nf6 2. e5 Ng8 3. d4 d6 4.
Nf3 dxe5 5. Nxe5 Nd7 6. Bf4 Ngf6 7. Nc3 e6 8. Bc4 Be7 9. O-O O-O 10. Qe2 Nb6 11.
Bb3 Qxd4 12. Bg3 Nbd5 13. Nxd5 exd5 14. Rad1 Qe4 15. Qd2 Be6 16. c3 Qf5 17. Bc2 Qh5 18. Nd3 Ne4 19. Qe3 Nxg3 20. Qxg3 Bd6 21. f4 Rfe8 22.
Rde1 Bf5 23. h3 Qg6 24. Rxe8+ Rxe8 25. Qxg6 hxg6 26. Kf2 Kf8 27. g3 Bxh3 28. Rh1 Bg4 29.
Nb4 Re2+ 30. Kf1 Bxb4 31. Bd1 Rxb2 32. Rh8+ Ke7 33. Bxg4 Bxc3 34. Rc8 Ba5 35. Ra8 Bb6 36. Rb8 Bc5 37. Rc8 Bd6 38. Ra8 a6 39. Rb8 b6 40. a4 a5 41. Be2 Rb4 42. Bb5 Rb3 43.
Kf2 Rc3 44. Rf8 Kxf8 0-1

[Event "Late-Titled-Tuesday-Blitz-February-13-2024"]
[Site "Chess.com"]
[Date "2024.02.13"]
[Round "2"]
[White "xakevicius91"]
[Black "Kirill_Klukin"]
[Result "0-1"]
[WhiteElo "2540"]
[BlackElo "2820"]
[TimeControl "180+1"]
[EndTime "14:16:31 PST"]
[Termination "Kirill_Klukin won by resignation"]

1. e4 c5 2. Nf3 g6 3. Bc4 Bg7 4. O-O Nc6 5. c3 e6 6. Bb3 Nge7 7. d3 d5 8. Nbd2 O-O 9. Qe2 Qc7 10. Re1 b5 11. Bc2 Bb7 12. Nf1 b4 13. Bd2 bxc3 14.
bxc3 dxe4 15. dxe4 Rfd8 16. h4 Qa5 17. Qe3 Rxd2 18.
Qxd2 Bxc3 19. Qh6 Bg7 20. Qg5 Bxa1 21. Rxa1 Qc3 22. Rc1 Rd8 23. Bb3 Qb2 24. Qxc5 Rc8 25.
Qc3 Qxc3 26. Rxc3 Na5 27. Rxc8+ Nxc8 28. N1d2 Nd6 29. Bc2 Kf8 30. Nd4 Ndc4 31. Nxc4 Nxc4 32. f3 Ke7 33. Kf2 Kd6 34. Ke2 Kc5 35. Nb3+ Kb4 36.
Nd4 Kc3 0-1

[Event "Late-Titled-Tuesday-Blitz-February-13-2024"]
[Site "Chess.com"]
[Date "2024.02.13"]
[Round "2"]
[White "inagreV"]
[Black "kids2010"]
[Result "0-1"]
[WhiteElo "2373"]
[BlackElo "2765"]
[TimeControl "180+1"]
[EndTime "14:16:32 PST"]
[Termination "kids2010 won by resignation"]

1. e4 c6 2. Nf3 d5 3. d3 dxe4 4.
dxe4 Qxd1+ 5. Kxd1 Nf6 6. Nfd2 g6 7. f3 Bg7 8. a4 b6 9. a5 Bb7 10. c3 c5 11. Bb5+ Kd8 12. Kc2 Nfd7 13. axb6 axb6 14.
Rxa8 Bxa8 15. Rd1 Bc6 16. Bxc6 Nxc6 17. Na3 Na7 18. Ndc4 Kc7 19. Bf4+ e5 20. Bc1 Bf8 21.
Ne3 Bd6 22. Nac4 Nb5 23. Nd5+ Kc6 24. Bg5 Re8 25. h4 Bf8 26. Ra1 h6 27. Be3 f5 28.
Ra6 Rb8 29. Na5+ Kd6 30. Nc4+ Kc6 31. Na5+ Kd6 32. b4 cxb4 33. cxb4 Nd4+ 34. Bxd4 exd4 35. Nc4+ Kc6 36. Kd3 fxe4+ 37. fxe4 Bg7 38. Ne7+ Kb5 39. Ra7 Ne5+ 40. Nxe5 Bxe5 41. Nxg6 Bg3 42. Kxd4 Kxb4 43. e5 b5 44. e6 Bf2+ 0-1

[Event "Late-Titled-Tuesday-Blitz-February-13-2024"]
[Site "Chess.com"]
[Date "2024.02.13"]
[Round "2"]
[White "baki83"]
[Black "WilsonPalencia21"]
[Result "1-0"]
[WhiteElo "2858"]
[BlackElo "2554"]
[TimeControl "180+1"]
[EndTime "14:16:33 PST"]
[Termination "baki83 won by resignation"]

1. e4 c5 2. Nf3 d6 3. Bb5+ Nd7 4. O-O Nf6 5. Re1 a6 6. Bf1 b6 7. c4 Bb7 8. Nc3 e6 9. d4 cxd4 10.
Nxd4 Rc8 11. b3 b5 12. cxb5 Rxc3 13. Bb2 Rc8 14. bxa6 Ba8 15. Nb5 d5 16. exd5 Bxd5 17. Rc1 Bc5 18. Rxc5 Nxc5 19. Bxf6 gxf6 20. a7 O-O 21. Qd4 Ba8 22. Nd6 Rc6 23. Rd1 Qe7 24.
b4 Nb7 25. Ne4 e5 26. Qe3 f5 27. b5 Rg6 28. Nc3 Nd6 29. Nd5 Bxd5 30. Rxd5 Ne4 31. b6 Nf6 32. Rxe5 Qb7 33. Re7 Ng4 34. Rxb7 Nxe3 35.
fxe3 Rd6 36. Rb8 Rdd8 37. Rxd8 1-0

[Event "Late-Titled-Tuesday-Blitz-February-13-2024"]
[Site "Chess.com"]
[Date "2024.02.13"]
[Round "2"]
[White "legendisback1"]
[Black "AungTZ"]
[Result "1-0"]
[WhiteElo "2991"]
[BlackElo "2044"]
[TimeControl "180+1"]
[EndTime "14:16:33 PST"]
[Termination "legendisback1 won by resignation"]

1. a3 d5 2. Nf3 c5 3. b4 e6 4. Bb2 Nf6 5. bxc5 Bxc5 6. e3 O-O 7.
Bd3 Nc6 8. O-O Bd6 9. c4 b6 10. cxd5 exd5 11. Nc3 h6 12. Rc1 Ne5 13. Nxe5 Bxe5 14.
f4 Bd6 15. Nb5 Ba6 16. a4 Bc5 17. Kh1 Re8 18. Qb3 Ne4 19. Rc2 Bb7 20. Nd4 Bc8 21.
Nc6 Qh4 22. Bxe4 dxe4 23. Bd4 Be6 24. Qb2 Bxd4 25. Nxd4 Rad8 26. f5 Bd5 27. f6 g6 28.
Rc7 Re5 29. Ne2 Rh5 30. h3 Be6 31. Nf4 Rg5 32. Nxe6 fxe6 33. f7+ 1-0

[Event "Late-Titled-Tuesday-Blitz-February-13-2024"]
[Site "Chess.com"]
[Date "2024.02.13"]
[Round "2"]
[White "alexgo05"]
[Black "boguszp"]
[Result "1-0"]
[WhiteElo "2421"]
[BlackElo "2011"]
[TimeControl "180+1"]
[EndTime "14:16:33 PST"]
[Termination "alexgo05 won by checkmate"]

1. Nf3 d5 2. c4 c6 3. d4 Nf6 4. e3 e6 5. Nc3 a6 6. b3 b5 7. Be2 Bb4 8. Bd2 Qa5 9. Qc2 Ne4 10. Nxe4 dxe4 11. Qxe4 Bxd2+ 12. Nxd2 O-O 13. Qc2 Nd7 14. O-O Bb7 15. Bf3 Rac8 16. a4 Qb4 17. axb5 axb5 18. Ra7 Rb8 19. c5 e5 20. Ne4 exd4 21. exd4 Rfd8 22. Nd6 Qxd4 23. Rxb7 Qxc5 24. Rxb8 Qxc2 25. Rxd8+ Nf8 26. Re1 g6 27. g3 Kg7 28. Re7 Qxb3 29. Rxf7+ Kh6 30. Rdxf8 c5 31. Rh8 c4 32. Rhxh7+ Kg5 33. h4# 1-0

[Event "Late-Titled-Tuesday-Blitz-February-13-2024"]
[Site "Chess.com"]
[Date "2024.02.13"]
[Round "2"]
[White "Alexei_Gubajdullin"]
[Black "Sanan_Sjugirov"]
[Result "0-1"]
[WhiteElo "2636"]
[BlackElo "2988"]
[TimeControl "180+1"]
[EndTime "14:16:35 PST"]
[Termination "Sanan_Sjugirov won by resignation"]

1. Nf3 d5 2. g3 Bg4 3. Bg2 c6 4.
O-O Nf6 5. d3 e6 6. c4 Be7 7.
Qb3 Qb6 8. Be3 Qxb3 9. axb3 a6 10. Nc3 Nbd7 11. h3 Bh5 12. g4 Bg6 13. Nh4 O-O 14.
Nxg6 hxg6 15. d4 Rfd8 16. g5 Ne8 17. c5 e5 18. dxe5 Nxe5 19. Rfd1 Nd7 20. b4 Nc7 21. h4 Ne6 22. Bd2 Ne5 23. b3 a5 24. Na4 axb4 25.
Bxb4 Nd7 26. Rac1 b5 27. cxb6 Bxb4 28. Rxc6 Ne5 29. b7 Rab8 30. Rb6 Be7 31. Rxd5 Nf4 32. Rxe5 Rd1+ 33. Kh2 Bd6 34. Rxd6 Rxd6 35. Ra5 Nxg2 36. Ra8 Rdd8 37. Nb6 Nf4 38. Nd7 Rxa8 39. bxa8=Q Rxa8 40. e3 Ne6 41. Ne5 Rd8 42. Kg2 Rb8 0-1

[Event "Late-Titled-Tuesday-Blitz-February-13-2024"]
[Site "Chess.com"]
[Date "2024.02.13"]
[Round "2"]
[White "Elsa167"]
[Black "Practical-Play"]
[Result "0-1"]
[WhiteElo "2879"]
[BlackElo "2588"]
[TimeControl "180+1"]
[EndTime "14:16:35 PST"]
[Termination "Practical-Play won by checkmate"]

1. d4 e6 2. c4 d5 3. Nf3 Nf6 4. Nc3 dxc4 5. e4 b5 6. e5 Nd5 7. Nxb5 Nb6 8. Be2 Bb7 9. O-O Be7 10. Be3 Nc6 11. Nc3 Nb4 12. Rc1 N4d5 13. Nd2 Nxe3 14.
fxe3 Bg5 15. Bf3 Bxe3+ 16. Kh1 Qc8 17. Ne2 Bd5 18. Rc3 Bh6 19. Ne4 Qb7 20. Nc5 Qc6 21.
b3 Rd8 22. bxc4 Bxf3 23. Rcxf3 Nxc4 24. Rxf7 Ne3 25. Qb3 Qxg2# 0-1

[Event "Late-Titled-Tuesday-Blitz-February-13-2024"]
[Site "Chess.com"]
[Date "2024.02.13"]
[Round "2"]
[White "GMRAVEN_ON_YOUTUBE"]
[Black "Jaka_Brilej"]
[Result "1-0"]
[WhiteElo "2790"]
[BlackElo "2535"]
[TimeControl "180+1"]
[EndTime "14:16:35 PST"]
[Termination "GMRAVEN_ON_YOUTUBE won by resignation"]

1. f4 d5 2. Nf3 c5 3. e3 Nc6 4.
b3 Bf5 5. Bb5 Rc8 6. Bb2 Nf6 7.
O-O e6 8. Ne5 Be7 9. Bxc6+ bxc6 10. d3 O-O 11. c4 h6 12. Nc3 Nd7 13. Nxd7 Qxd7 14. e4 Bh7 15. Qe2 Bf6 16. e5 Bd8 17. Rad1 Ba5 18. Na4 Qe7 19. Kh1 Rfd8 20. Qe3 d4 21.
Qf3 Bb4 22. Bc1 f5 23. a3 Ba5 24. Bd2 Bxd2 25. Rxd2 Rb8 26. Rb2 Rdc8 27. h3 Bg6 28. Rg1 Rb7 29. Kh2 Be8 30. g4 fxg4 31. Qxg4 Rcb8 32.
Rbg2 g6 33. Qh5 Qh7 34. Rxg6+ Bxg6 35. Rxg6+ Rg7 36. Rxh6 1-0

[Event "Late-Titled-Tuesday-Blitz-February-13-2024"]
[Site "Chess.com"]
[Date "2024.02.13"]
[Round "2"]
[White "Mindhunter08"]
[Black "dorpato"]
[Result "1-0"]
[WhiteElo "2448"]
[BlackElo "2117"]
[TimeControl "180+1"]
[EndTime "14:16:37 PST"]
[Termination "Mindhunter08 won by resignation"]

1. e4 c5 2. Nf3 d6 3. d4 cxd4 4. Nxd4 Nf6 5. Nc3 a6 6. h3 e5 7.
Nf3 Be7 8. g4 h6 9. Rg1 Be6 10.
g5 hxg5 11. Nxg5 Nc6 12. Nxe6 fxe6 13. Rxg7 Qd7 14. Bg5 Rf8 15. h4 O-O-O 16. Bh3 Kb8 17. Qe2 Nd4 18. Qd3 Ng8 19. Bxe7 Nxe7 20. O-O-O Rxf2 21.
Nd5 Rxc2+ 22. Kb1 Re8 23. Nf6 Qc6 24. Nxe8 Qb6 25. Qa3 Nec6 26. Nxd6 Na5 27. Rg8+ Ka7 28. Nc8+ Rxc8 29. Rxc8 Nf3 30. Qxf3 1-0

[Event "Late-Titled-Tuesday-Blitz-February-13-2024"]
[Site "Chess.com"]
[Date "2024.02.13"]
[Round "2"]
[White "karinachess1"]
[Black "DenLaz"]
[Result "0-1"]
[WhiteElo "2674"]
[BlackElo "3077"]
[TimeControl "180+1"]
[EndTime "14:16:39 PST"]
[Termination "DenLaz won by resignation"]

1. d4 f5 2. Nc3 Nf6 3. Bf4 e6 4. e3 Bb4 5. Bd3 O-O 6. Ne2 d6 7. O-O Nc6 8. a3 Bxc3 9. Nxc3 Qe7 10. Bg5 Qf7 11. Bxf6 Qxf6 12. d5 Ne5 13. Be2 exd5 14. Nxd5 Qf7 15. Qd2 Be6 16. Nf4 Kh8 17. Rad1 Rae8 18.
Qb4 b6 19. Qc3 Re7 20. a4 a5 21. b3 Qf6 22. Qd4 Bg8 23. Nd3 Nd7 24. Qxf6 Nxf6 25. Bf3 g5 26. g3 Kg7 27. Nc1 Bf7 28. Ne2 Bg6 29. Nd4 Nd7 30. Bd5 Nc5 31. Rfe1 Re5 32. Bg2 f4 33. exf4 gxf4 34. Bc6 Rf7 35.
Kg2 Rfe7 36. Rf1 Ne6 37. Nxe6+ R5xe6 38. Rd2 Re2 39. Rfd1 Bxc2 40. Rxe2 Rxe2 41. Rc1 fxg3 42. hxg3 Bxb3 43. Bb5 Rc2 44. Re1 Bd5+ 45. Kg1 Kf6 46. Re8 Rc1+ 0-1

[Event "Late-Titled-Tuesday-Blitz-February-13-2024"]
[Site "Chess.com"]
[Date "2024.02.13"]
[Round "2"]
[White "Kosak12"]
[Black "ValeriyGrinev"]
[Result "1-0"]
[WhiteElo "2847"]
[BlackElo "2545"]
[TimeControl "180+1"]
[EndTime "14:16:39 PST"]
[Termination "Kosak12 won by checkmate"]

1. g4 d5 2. h3 e5 3. Bg2 Be6 4. c4 Ne7 5. Nc3 c6 6. Nf3 f6 7. d4 e4 8. Nd2 h5 9. gxh5 Rxh5 10. Nf1 Rh8 11. cxd5 cxd5 12. Qb3 Qd7 13. Bf4 Nbc6 14. O-O-O Nf5 15. Ne3 Nfxd4 16. Qa4 b5 17. Nxb5 Nxe2+ 18. Kb1 Nxf4 19. Bxe4 Bc5 20. Nxd5 Nxd5 21. Bxd5 Kf7 22. Qc4 Bxf2 23. Bxe6+ Qxe6 24. Rd7+ Ne7 25. Nd6+ Kg6 26. Qxe6 Rae8 27. Qg4+ Kh7 28. Qh5+ Kg8 29. Qxe8+ Kh7 30.
Qh5+ Kg8 31. Rd8# 1-0

[Event "Late-Titled-Tuesday-Blitz-February-13-2024"]
[Site "Chess.com"]
[Date "2024.02.13"]
[Round "2"]
[White "SaqoChess_Twitch"]
[Black "Rud_Makarian"]
[Result "1-0"]
[WhiteElo "2684"]
[BlackElo "3040"]
[TimeControl "180+1"]
[EndTime "14:16:40 PST"]
[Termination "SaqoChess_Twitch won by resignation"]

1. d4 Nf6 2. c4 e6 3. Nc3 d5 4. cxd5 exd5 5. Bg5 c6 6. e3 h6 7. Bh4 Be7 8. Bd3 O-O 9. Qc2 Re8 10. Nf3 Nbd7 11.
O-O Ne4 12. Bxe7 Qxe7 13. Nd2 Ndf6 14. Ndxe4 dxe4 15. Bc4 Bf5 16. f4 Rad8 17. h3 a6 18. a4 Qb4 19. Qb3 Qe7 20. a5 Qd7 21. Na4 Qe7 22. Nc5 Bc8 23. Rf2 Nd5 24. Bxd5 Rxd5 25. Qc3 g6 26. b4 Qh4 27. Raf1 Rh5 28. Qe1 Qg3 29. Rd2 Rxh3 30. Qxg3 Rxg3 31. Kf2 Rg4 32. d5 cxd5 33. Rxd5 g5 34. f5 Kg7 35. Rfd1 h5 36.
Rd8 Rxd8 37. Rxd8 Bxf5 38. Nxb7 Be6 39. b5 Bc4 40. Nd6 Bd3 41. b6 1-0

[Event "Late-Titled-Tuesday-Blitz-February-13-2024"]
[Site "Chess.com"]
[Date "2024.02.13"]
[Round "2"]
[White "DonkyDonkyDonkey"]
[Black "Willhaven3"]
[Result "1-0"]
[WhiteElo "2967"]
[BlackElo "2623"]
[TimeControl "180+1"]
[EndTime "14:16:40 PST"]
[Termination "DonkyDonkyDonkey won by checkmate"]

1. e4 c5 2. Nc3 Nc6 3. f4 e6 4. Nf3 a6 5. a4 d5 6. e5 Nh6 7. g3 Nf5 8. Bg2 h5 9. O-O Be7 10. d3 Qb6 11. Ne2 Bd7 12. c3 d4 13. h4 Rd8 14. Kh2 Na5 15. b4 cxb4 16. cxb4 Qxb4 17. Bd2 Qb6 18. Rb1 Qc7 19. Nexd4 Nh6 20. Qe1 Ng4+ 21.
Kh1 b6 22. Rxb6 Qxb6 23. Bxa5 Qa7 24. Bxd8 Bxd8 25. Qb4 Be7 26. Qb3 O-O 27. f5 Rb8 28. Qa2 Qb6 29. fxe6 fxe6 30. a5 Qb2 31. Qxb2 Rxb2 32.
Rc1 Nf2+ 33. Kg1 Nxd3 34. Rc7 Nc5 35. Ng5 Rd2 36. Ndxe6 Bxe6 37. Rxe7 Bd5 38. Re8# 1-0

[Event "Late-Titled-Tuesday-Blitz-February-13-2024"]
[Site "Chess.com"]
[Date "2024.02.13"]
[Round "2"]
[White "KorolDimitriy75"]
[Black "Canal_Showdrez"]
[Result "1-0"]
[WhiteElo "2430"]
[BlackElo "2072"]
[TimeControl "180+1"]
[EndTime "14:16:40 PST"]
[Termination "KorolDimitriy75 won by checkmate"]

1. d4 Nf6 2. c4 g6 3. Nc3 Bg7 4.
e4 d6 5. Nf3 O-O 6. Be2 e5 7.
dxe5 dxe5 8. Qxd8 Rxd8 9. Bg5 Re8 10. O-O-O c6 11. Nxe5 Rxe5 12. Rd8+ Re8 13. Bxf6 Rxd8 14. Bxd8 Be6 15. Kc2 Na6 16. Be7 f5 17. f3 Re8 18.
Bd6 c5 19. a3 b6 20. Rd1 Bf7 21. Bf4 h6 22. h4 Kh7 23. Rd7 Be6 24. Rxa7 Bc8 25.
Bd3 g5 26. hxg5 hxg5 27. Bxg5 Kg6 28. Bf4 Be5 29. exf5+ Kf6 30. Bh6 Nc7 31. Ne4+ Ke7 32. f4 Bd6 33. Nxd6 Kxd6 34. Bg7 Kc6 35. Be5 Na6 36.
Be4# 1-0

[Event "Late-Titled-Tuesday-Blitz-February-13-2024"]
[Site "Chess.com"]
[Date "2024.02.13"]
[Round "2"]
[White "OK97"]
[Black "Smiechu"]
[Result "1-0"]
[WhiteElo "2847"]
[BlackElo "2429"]
[TimeControl "180+1"]
[EndTime "14:16:41 PST"]
[Termination "OK97 won on time"]

1. d4 Nf6 2. Nf3 c5 3. d5 e6 4. c4 exd5 5. cxd5 d6 6. Nc3 g6 7.
g3 Bg7 8. Bg2 O-O 9. O-O Re8 10.
Re1 a6 11. a4 Nbd7 12. Bf4 Ne4 13. Nxe4 Rxe4 14. Nd2 Rxf4 15. gxf4 Bxb2 16. Rb1 Bg7 17. Nc4 Qh4 18. e3 Bc3 19. Rf1 Nf6 20. Qf3 Bf5 21. Rxb7 Bd3 22. Nxd6 Bxf1 23. Bxf1 Ng4 24. h3 Nh6 25. Bc4 Rf8 26. Bxa6 Kh8 27. Ne4 Bg7 28. Ng5 Nf5 29. Nxf7+ Kg8 30. Ng5 h6 31. Ne6 1-0

[Event "Late-Titled-Tuesday-Blitz-February-13-2024"]
[Site "Chess.com"]
[Date "2024.02.13"]
[Round "2"]
[White "Hilary46"]
[Black "jcmesafischer"]
[Result "1-0"]
[WhiteElo "2615"]
[BlackElo "2350"]
[TimeControl "180+1"]
[EndTime "14:16:44 PST"]
[Termination "Hilary46 won by resignation"]

1. e4 c5 2. Nf3 d6 3. d4 cxd4 4. Nxd4 Nf6 5. Nc3 a6 6. Bg5 e6 7.
f4 Be7 8. Qf3 Qc7 9. O-O-O Nbd7 10. Bd3 b5 11. Rhe1 Bb7 12. Qg3 b4 13. Nd5 exd5 14.
exd5 Kd8 15. Nc6+ Bxc6 16. dxc6 Nc5 17. Bf5 Qxc6 18. Bh4 g6 19. Rxe7 Kxe7 20. Re1+ Kd8 21. Bxf6+ Kc7 22. Bxh8 Rxh8 23. Re7+ Kb6 24. Bd3 Re8 25.
Rxe8 Qxe8 26. Kd2 Qe6 27. b3 Qf6 28. Qe3 Qc3+ 29. Ke2 f5 30. h3 d5 31. g4 Kc6 32.
gxf5 gxf5 33. Bxf5 Qf6 34. Bxh7 Ne6 35. f5 Nd4+ 36. Kd3 Nxf5 37. Bxf5 Qxf5+ 38. Kd2 Qf6 39. c3 Kd6 40. Qb6+ Ke5 41. Qxf6+ Kxf6 1-0

[Event "Late-Titled-Tuesday-Blitz-February-13-2024"]
[Site "Chess.com"]
[Date "2024.02.13"]
[Round "2"]
[White "vesalhamedinia"]
[Black "ChEsper99"]
[Result "1-0"]
[WhiteElo "2490"]
[BlackElo "2209"]
[TimeControl "180+1"]
[EndTime "14:16:45 PST"]
[Termination "vesalhamedinia won by resignation"]

1. d4 Nf6 2. c4 e6 3. Nf3 d5 4. Nc3 a6 5. cxd5 exd5 6. Bg5 c6 7. e3 Be7 8. Bd3 Bg4 9. h3 Bh5 10. Qb3 Qc8 11. Rc1 Bxf3 12. gxf3 Nbd7 13. Bf5 Qc7 14. h4 h6 15. Bf4 Qb6 16. Qc2 Rc8 17. a3 g6 18. Bh3 c5 19. dxc5 Qxc5 20. O-O Bd6 21. b4 Qc6 22. Bxd6 Qxd6 23. f4 O-O 24. Qe2 b5 25.
Qf3 Rc4 26. Rfd1 Rfc8 27. Ne2 Rxc1 28. Rxc1 Rxc1+ 29. Nxc1 Ne4 30. Ne2 Nb6 31. Nd4 Nc4 32.
f5 Kg7 33. fxg6 Qxg6+ 34. Bg2 Ncd2 35. Qf4 Qf6 36. Nf5+ Kf8 37. Qb8+ 1-0

[Event "Late-Titled-Tuesday-Blitz-February-13-2024"]
[Site "Chess.com"]
[Date "2024.02.13"]
[Round "2"]
[White "traviscottofficial"]
[Black "Firouzja2003"]
[Result "1-0"]
[WhiteElo "2699"]
[BlackElo "3111"]
[TimeControl "180+1"]
[EndTime "14:16:46 PST"]
[Termination "traviscottofficial won by resignation"]

1. d4 g6 2. c4 Bg7 3. Nc3 c5 4.
Nf3 cxd4 5. Nxd4 Nc6 6. e3 Nf6 7. Be2 O-O 8. O-O d6 9. b3 Qa5 10. Bb2 Bd7 11. Qd2 Rab8 12. Rfd1 Rfc8 13. Rac1 a6 14. h3 Nxd4 15. Qxd4 Be6 16. a3 b5 17. b4 Qd8 18. cxb5 Nd5 19. Qd2 Nxc3 20. Bxc3 Rxc3 21. Rxc3 Bxc3 22. Qxc3 axb5 23. Rc1 Rc8 24. Qd2 Bc4 25.
Bxc4 bxc4 26. a4 d5 27. b5 e5 28. Qb4 Qc7 29. b6 Qc6 30. a5 Rb8 31. e4 Kg7 32. exd5 Qxd5 33. a6 c3 34. a7 Qd2 35. Qxc3 1-0

[Event "Late-Titled-Tuesday-Blitz-February-13-2024"]
[Site "Chess.com"]
[Date "2024.02.13"]
[Round "2"]
[White "Thjop"]
[Black "vi_pranav"]
[Result "0-1"]
[WhiteElo "2660"]
[BlackElo "3040"]
[TimeControl "180+1"]
[EndTime "14:16:46 PST"]
[Termination "vi_pranav won by resignation"]

1. e4 e5 2. Nf3 Nc6 3. Bb5 a6 4. Ba4 Nf6 5. O-O b5 6. Bb3 Bc5 7. a4 Rb8 8. axb5 axb5 9. d3 d6 10. Be3 Bb6 11. Nc3 h6 12. Bxb6 Rxb6 13. h3 O-O 14. Re1 Ne7 15. d4 exd4 16. Qxd4 c5 17. Qd2 c4 18. Ba2 Bb7 19. Rad1 Qa8 20. Bb1 b4 21. Nd5 Nexd5 22. exd5 Bxd5 23. Qf4 Bxf3 24. gxf3 c3 25. Rxd6 Rxd6 26. Qxd6 Qxf3 27. Qxb4 cxb2 28. Qb3 Qh5 29. c4 Qg5+ 30. Kf1 Qd2 31. Re2 Qc1+ 32.
Re1 Rc8 33. Qd3 g6 34. Bc2 Kg7 35. Rd1 Qf4 36. Bb3 Rb8 37. Qc3 Kh7 38. Rb1 Ne4 39. Qc2 Nd2+ 0-1

[Event "Late-Titled-Tuesday-Blitz-February-13-2024"]
[Site "Chess.com"]
[Date "2024.02.13"]
[Round "2"]
[White "PNEPaul"]
[Black "Nemsko"]
[Result "0-1"]
[WhiteElo "1901"]
[BlackElo "2400"]
[TimeControl "180+1"]
[EndTime "14:16:46 PST"]
[Termination "Nemsko won on time"]

1. e4 e5 2. Nf3 Nc6 3. Bc4 Bc5 4. b4 Bxb4 5. c3 Bd6 6. d4 Nf6 7. Bg5 h6 8. Bh4 Qe7 9. O-O O-O 10. Nbd2 Kh7 11. Re1 Rg8 12. Bg3 Re8 13. Nh4 g6 14. Bd3 Nh5 15. Nf5 Qf6 16. Nxd6 cxd6 17. Rf1 Nf4 18.
Bxf4 Qxf4 19. Qf3 Qxf3 20. Nxf3 b6 21. Rfe1 Bb7 22. Bc4 Kg7 23. Rad1 Rac8 24. Bb3 Rc7 25. Rc1 Na5 26. d5 Nc4 27. Bxc4 Rxc4 28. Re3 Rec8 29. Nd2 Ra4 30. Rc2 Rc5 31. c4 b5 32. f3 bxc4 33.
Rec3 Ba6 34. Kf2 Bb5 35. Ke3 f5 36. g3 Kf6 37. h4 h5 0-1

[Event "Late-Titled-Tuesday-Blitz-February-13-2024"]
[Site "Chess.com"]
[Date "2024.02.13"]
[Round "2"]
[White "crazy_but_lazy"]
[Black "viniciusrego"]
[Result "0-1"]
[WhiteElo "2559"]
[BlackElo "2353"]
[TimeControl "180+1"]
[EndTime "14:16:47 PST"]
[Termination "viniciusrego won by resignation"]

1. d4 g6 2. e4 c6 3. Nc3 d5 4. Nf3 Bg7 5. h3 dxe4 6. Nxe4 Nd7 7. Bc4 Ngf6 8. Neg5 O-O 9. O-O a5 10. Re1 Nb6 11. Bd3 a4 12. Ne5 a3 13. c3 axb2 14. Bxb2 Na4 15. Rb1 Nd5 16. Bc4 f6 17. Nef3 fxg5 18.
Nxg5 e5 19. Nf3 exd4 20. Nxd4 Kh8 21. Qd2 Qf6 22. Ba1 Ndxc3 23. Nf3 Bxh3 24. Re3 Bxg2 25.
Kxg2 Nxb1 26. Bxf6 Nxd2 27. Bxg7+ Kxg7 28. Nxd2 Rae8 29. Rg3 b5 30. Bb3 Nc5 31. Rc3 Nxb3 32. axb3 Re6 33. Kg3 Rd8 34. Nf3 h6 35. b4 Kf6 36. Rc5 g5 37. Rc3 Rd5 38. Ng1 Ke7 39. f3 Kd7 40. Nh3 Rd4 41. Rb3 Re2 42. Nf2 Rc2 43. Ng4 Rcc4 44. Nxh6 Rxb4 45. Re3 Rf4 46. Ng4 Kd6 47. Ne5 Rbd4 48. Ng6 Rf6 49. Ne5 Re6 50. Nf7+ Ke7 51.
Rxe6+ Kxe6 52. Nxg5+ Kf5 53. Ne4 Rxe4 0-1

[Event "Late-Titled-Tuesday-Blitz-February-13-2024"]
[Site "Chess.com"]
[Date "2024.02.13"]
[Round "2"]
[White "Doomfist26"]
[Black "Harsha_Bharathakoti"]
[Result "1-0"]
[WhiteElo "2619"]
[BlackElo "2939"]
[TimeControl "180+1"]
[EndTime "14:16:48 PST"]
[Termination "Doomfist26 won by checkmate"]

1. e4 c5 2. Nf3 e6 3. d4 cxd4 4. Nxd4 a6 5. c4 Nf6 6. Nc3 Qc7 7. a3 b6 8. f4 Bb7 9. Bd3 d6 10. f5 e5 11. Nb3 Nbd7 12. O-O Be7 13. Bd2 h6 14.
Rc1 Nc5 15. Nxc5 bxc5 16. b4 O-O 17. Nd5 Bxd5 18. cxd5 Nd7 19. g4 Bg5 20. Bxg5 hxg5 21. f6 gxf6 22. Qd2 Kg7 23. h4 gxh4 24. g5 Rg8 25.
gxf6+ Kf8+ 26. Kh2 Rg6 27. Rf5 Nxf6 28. Rcf1 Qe7 29. bxc5 dxc5 30. Be2 Rd8 31. Bh5 Nxh5 32. Rxh5 Kg7 33. Rg1 Rd6 34. Qh6+ Kf6 35. Rf5# 1-0

[Event "Late-Titled-Tuesday-Blitz-February-13-2024"]
[Site "Chess.com"]
[Date "2024.02.13"]
[Round "2"]
[White "rdarruda"]
[Black "Sokoloco"]
[Result "0-1"]
[WhiteElo "2539"]
[BlackElo "2795"]
[TimeControl "180+1"]
[EndTime "14:16:48 PST"]
[Termination "Sokoloco won by resignation"]

1. Nf3 d6 2. d4 g6 3. Nc3 Bg7 4. e4 a6 5. Bg5 b5 6. Qd2 Bb7 7.
O-O-O Nd7 8. e5 h6 9. Bh4 g5 10. Bg3 Nb6 11. e6 fxe6 12. Bd3 Kf7 13. Rhe1 Nf6 14. h4 g4 15. Ng1 Bxg2 16. Nge2 Nbd5 17. Kb1 Bf3 18. Nxd5 exd5 19. Nf4 Ne4 20. Qe3 c6 21.
Be2 Bxe2 22. Qxe2 h5 23. f3 gxf3 24. Qxf3 Bf6 25. Nxh5 Qg8 26. Nxf6 Qxg3 27. Qxg3 Nxg3 28. Rg1 Ne2 29. Rg2 exf6 30. Rxe2 Rxh4 31. Rde1 Ra7 32. c3 Re4 33. Rxe4 dxe4 34. Rxe4 Re7 35. Rh4 Kg6 36.
Kc2 f5 37. Kd2 Kg5 38. Rh8 f4 39. Rg8+ Kh4 40. Rg6 f3 41. Rxd6 f2 42. Rf6 Kg3 43. b3 Kg2 44. c4 f1=Q 45. Rxf1 Kxf1 46. Kd3 Kf2 47. d5 cxd5 48. cxd5 Re1 0-1

[Event "Late-Titled-Tuesday-Blitz-February-13-2024"]
[Site "Chess.com"]
[Date "2024.02.13"]
[Round "2"]
[White "Abduzhaparov"]
[Black "Njal28"]
[Result "0-1"]
[WhiteElo "2395"]
[BlackElo "2990"]
[TimeControl "180+1"]
[EndTime "14:16:49 PST"]
[Termination "Njal28 won on time"]

1. Nf3 Nf6 2. c4 g6 3. Nc3 Bg7 4. e4 d6 5. d4 O-O 6. Be3 Nbd7 7. Nd2 c5 8. d5 a6 9. a4 e6 10. Be2 e5 11. g4 b6 12. h4 Ra7 13. h5 Ne8 14. h6 Bf6 15. Nf3 Nb8 16. g5 Be7 17. Rg1 Kh8 18. Nh2 f5 19. gxf6 Nxf6 20. Ng4 Nxg4 21.
Bxg4 Bg5 22. Qd2 Bxe3 23. Qxe3 Bxg4 24. Rxg4 Raf7 25. Ke2 Nd7 26. Rag1 Nf6 27. Rg5 Nh5 28. Rxh5 gxh5 29. Qg3 Qf6 30. Nd1 Qxh6 31. Ne3 Rxf2+ 32. Qxf2 Rxf2+ 33. Kxf2 Qf4+ 34. Ke2 Qxe4 35. b3 h4 36. Rg4 Qh1 37. Nf5 Qh2+ 38. Ke1 Qh3 39. Rg5 Qh1+ 40.
Ke2 Qe4+ 41. Kd1 Qb1+ 42. Kd2 Qb2+ 43. Kd1 Qxb3+ 44. Ke2 Qxc4+ 45. Kd1 Qxd5+ 46. Kc2 Qa2+ 47. Kd1 Qxa4+ 48. Ke2 Qc4+ 49. Kd1 Qd3+ 50. Kc1 Qf1+ 51. Kc2 Qf2+ 52. Kd1 Qf3+ 53. Kc2 Qe4+ 54. Kd1 Qf4 55.
Nh6 Qf8 0-1